 Dungeon Crawl Stone Soup version 0.29-a0-495-g17b79114eb (webtiles) character file.

Game seed: 4195879437430474143

74 croobank the Conjurer (level 4, 0/28 HPs)
             Began as an Octopode Conjurer on May 27, 2022.
             Slain by an orc
             ... wielding a +0 club
              (5 damage)
             ... on level 3 of the Dungeon.
             The game lasted 00:07:27 (2808 turns).

croobank the Conjurer (Octopode Conjurer)           Turns: 2808, Time: 00:07:35

Health: 0/28       AC:  1    Str:  6    XL:     4   Next: 28%
Magic:  4/7        EV: 13    Int: 22    God:
Gold:   87         SH:  0    Dex: 10    Spells: 2/8 levels left

rFire   . . .      SeeInvis .   c - +1 whip
rCold   . . .      Faith    .   (no shield)
rNeg    . . .      Spirit   .   (helmet restricted)
rPois   .          Reflect  .   (no amulet)
rElec   .          Harm     .   (no ring)
rCorr   .          Rampage  .   (no ring)
Will    .....                   (no ring)
Stlth   +++.......              (no ring)
HPRegen 0.09/turn               (no ring)
MPRegen 0.10/turn               (no ring)
                                (no ring)
                                (no ring)

@: very slightly contaminated
A: almost no armour, amphibious, 8 rings, camouflage 1, gelatinous body 1,
(nimble swimmer 1), tentacles
a: no special abilities


You were on level 3 of the Dungeon.
You visited 1 branch of the dungeon, and saw 3 of its levels.

You collected 87 gold pieces.

Inventory:

Hand Weapons
 b - a +0 dagger
 c - a +1 whip (weapon)
 f - a +0 falchion
 p - a +0 long sword
Missiles
 g - 94 stones
 m - 4 silver boomerangs
Magical Staves
 d - a staff of cold
Jewellery
 e - an amulet of reflection
Scrolls
 h - 3 scrolls of identify {unknown}
 j - a scroll of blinking {unknown}
Potions
 a - a potion of magic
 i - a potion of mutation {unknown}
 k - a potion of degeneration {unknown}
 l - a potion of haste {unknown}
 n - a potion of brilliance {unknown}
 o - a potion of lignification {unknown}
 q - a potion of heal wounds {unknown}


   Skills:
 + Level 1.0 Fighting
 + Level 2.6 Dodging
 + Level 3.8 Stealth
 + Level 2.5 Spellcasting
 + Level 4.4 Conjurations


You had 2 spell levels left.
You knew the following spells:

 Your Spells              Type           Power      Damage    Failure   Level
a - Magic Dart            Conj           88%        1d7       2%          1
b - Searing Ray           Conj           44%        2d6       3%          2
c - Dazzling Flash        Conj/Hex       24%        N/A       16%         3

Your spell library contained the following spells:

 Spells                   Type           Power      Damage    Failure   Level
 Confusing Touch          Hex            2%         N/A       36%         3
 Fulminant Prism          Conj/Hex       6%         3d7       45%         4
 Iskenderun's Mystic Bla  Conj/Tloc      12%        2d5       45%         4
 Yara's Violent Unravell  Hex/Tmut       1%         3d3       98%         5
 Enfeeble                 Hex            1%         N/A       100%        7


Dungeon Overview and Level Annotations

Branches:
Dungeon (3/15)

Altars:

Shops:
D:2 =[((?


Innate Abilities, Weirdness & Mutations

You cannot wear most types of armour.
You are amphibious.
You can wear up to eight rings at the same time.
Your skin changes colour to match your surroundings (Stealth+).
Your rubbery body absorbs attacks. (AC +1, EV +1)
((You are camouflaged when in or above water. (Stealth+)))
You have tentacles for arms and can constrict up to eight enemies at once.


Message History

An endoplasm comes into view.
q - a pink potion
There are no items here.
An orc comes into view. It is wielding a +0 club. x2
An orc priest comes into view. It is wielding a +0 flail.
The orc shouts!
The orc priest shouts!
The orc priest calls down the wrath of Beogh upon you.
Beogh smites you!
An orc comes into view. It is wielding a +0 dagger.
The orc hits you but does no damage.
You closely miss the orc priest.
The endoplasm quivers.
You grab the orc priest. Your squeeze misses the orc priest.
You constrict the orc priest. The orc priest barely misses you.
The orc closely misses you.
You hit the orc priest.
The orc priest is lightly wounded.
You constrict the orc priest. The orc priest barely misses you.
The orc misses you.
You hit the orc priest but do no damage.
You squeeze the orc priest.
The orc priest is severely wounded.
You constrict the orc priest.
The orc priest mumbles some strange prayers to Beogh against you.
Beogh smites you!
Ouch! That really hurt!
* * * LOW HITPOINT WARNING * * *
The orc barely misses you.
Okay, then.
Casting: Magic Dart (safe; 2% risk of failure)
Confirm with . or Enter, or press ? or * to list all spells.
The spell is quite dangerous to miscast (16% risk of failure)!
Continue anyway?
Casting: Dazzling Flash (quite dangerous; 16% risk of failure)
Press: ? - help, Dir - look around, f - activate You miscast Dazzling Flash.
You are very lightly contaminated with residual magic.
Nothing appears to happen.
You constrict the orc priest.
You kill the orc priest!
The orc hits you with a +0 club.
You die...

#...≈≈≈≈≈..[..#.#.#
# ##...≈≈≈.....P#.#
. #P...≈≈..Po..#.#
.# #.P.P.....P..#.#
. ###..######..#..
.. ##.# #.....
#.####......
#o.....##...
##@##### ..## #o#
#J# ... ... .....
....# .....#


You could see 2 orcs and an endoplasm.

Vanquished Creatures
  An orc priest (D:3)
  3 adders (D:2)
  A worm (D:2)
  A dart slug (D:2)
  5 ball pythons
  3 bats
  3 endoplasms
  A giant cockroach (D:3)
  A goblin (D:1)
  2 hobgoblins (D:1)
  9 jackals
  3 quokkas (D:1)
  5 frilled lizards
  A kobold (D:1)
  A spectral kobold (D:1)
40 creatures vanquished.

Notes
Turn   | Place    | Note
-------+----------+-------------------------------------------
     0 | D:1      | croobank the Octopode Conjurer began the quest for the Orb.
     0 | D:1      | Reached XP level 1. HP: 11/11 MP: 3/3
   366 | D:1      | Found a faded altar of an unknown god.
   438 | D:1      | Reached XP level 2. HP: 17/17 MP: 1/5
   487 | D:1      | Learned a level 2 spell: Searing Ray
  1226 | D:1      | Reached XP level 3. HP: 21/21 MP: 4/6
  1230 | D:1      | Learned a level 3 spell: Dazzling Flash
  1756 | D:2      | Found Weboint's Magic Scroll Shop.
  1758 | D:2      | Found Bimit's Weapon Shoppe.
  1883 | D:2      | Found Nuheteq's Jewellery Shoppe.
  1931 | D:2      | Identified the +1 robe of an ice cave {rElec}
  2161 | D:2      | Found Izxepev's Antique Weapon Boutique.
  2171 | D:2      | Reached skill level 1 in Fighting
  2171 | D:2      | Reached XP level 4. HP: 28/28 MP: 1/7
  2502 | D:2      | Found Woummuh's Armour Emporium.
  2808 | D:3      | Slain by an orc

Illustrated notes

Levels and vault maps discovered:
D:1:      shiori_arrival_oz, layout_basic,
          dreamdust_ecumenical_altar_drowned_temple
D:2:      layout_basic, serial_shops, nicolae_shop_advertising_works
          [nicolae_subvault_shop_adworks],
          nicolae_shop_temple_entry_statues_fountains, nicolae_shop_stone,
          nicolae_shop_stone, shop
D:3:      layout_rooms, mainiacjoe_overflow_surrounded_room, lemuel_round_altar,
          hangedman_decor_slide_cut, guppyfry_early_lair_pool

Skill      XL: |  1  2  3 |
---------------+----------+-----
Stealth        | 3 |  3.8
Fighting       | 1 |  1.0
Dodging        | |  2.6
Spellcasting   | |  2.5
Conjurations   | |  4.4

Action                   |  1- 3 |  4- 6 || total
-------------------------+-------+-------++-------
Melee: Unarmed           |    14 |       ||    14
       Tentacles         |    15 |     3 ||    18
       Constrict         |    12 |     4 ||    16
       Whip              |    34 |    13 ||    47
 Cast: Magic Dart        |    45 |     2 ||    47
       Searing Ray       |     1 |       ||     1
  Use: Scroll            |     3 |       ||     3
 Stab: Sleeping          |     2 |     1 ||     3
Armor: Skin              |     3 |     1 ||     4
Dodge: Dodged            |    43 |    11 ||    54

Table legend: (Time is in decaauts)
 A = Elapsed time spent in this place.
 B = Non-inter-level travel time spent in this place.
 C = Inter-level travel time spent in this place.
 D = Time resting spent in this place.
 E = Time spent auto-exploring this place.
 F = Levels seen in this place.
 G = Mean time per level.
                   A        B        C        D        E       F      G
               +--------+--------+--------+--------+--------+-----+--------+
         Total |   2811 |   2733 |     78 |    448 |   1937 |   3 |  937.0 |
       Dungeon |   2811 |   2733 |     78 |    448 |   1937 |   3 |  937.0 |
               +--------+--------+--------+--------+--------+-----+--------+

Top non-repeatable levels by time:
     D:1: 1709 daAuts
     D:2: 1046 daAuts
     D:3: 55 daAuts
